 Dungeon Crawl Stone Soup version 0.27.1 (webtiles) character file.

Game seed: 8378900302743958636

1375 ABBCCCDDDD the Conjurer (level 8, -2/54 HPs)
             Began as an Octopode Chaos Knight on Sept 1, 2021.
             Was an Initiate of Gozag.
             Slain by a killer bee (9 damage)
             ... on level 7 of the Dungeon.
             The game lasted 00:17:01 (9150 turns).

ABBCCCDDDD the Conjurer (Octopode Chaos Knight)     Turns: 9150, Time: 00:17:01

Health: -2/54      AC:  1    Str: 11    XL:     8   Next: 66%
Magic:  1/10       EV: 14    Int: 24    God:    Gozag
Gold:   403        SH:  5    Dex: 14    Spells: 2/10 levels left

rFire    . . .     SeeInvis .     - Unarmed
rCold    + . .     Faith    .   b - +0 buckler
rNeg     + . .     Spirit   .   (helmet restricted)
rPois    +         Reflect  .   (no amulet)
rElec    .         Harm     .   a - +6 ring of intelligence
rCorr    .         Rampage  .   g - ring of positive energy
Will     .....                  (no ring)
Stlth    +++.......             (no ring)
HPRegen  0.18/turn              (no ring)
MPRegen  0.12/turn              (no ring)
                                (no ring)
                                (no ring)

@: no status effects
A: almost no armour, amphibious, 8 rings, camouflage 1, gelatinous body 1,
(nimble swimmer 1), tentacles, antennae 1, agile 1, clever 1, cold resistance 1,
poison resistance, wild magic 1
a: Renounce Religion, Potion Petition, Call Merchant, Bribe Branch


You were on level 7 of the Dungeon.
You worshipped Gozag.
Gozag was aware of your devotion.
You visited 2 branches of the dungeon, and saw 8 of its levels.

You collected 457 gold pieces.
You paid 54 gold pieces to Gozag.

Inventory:

Hand Weapons
 h - a +2 hand axe of flaming
 k - a +0 spear
Missiles
 q - 3 boomerangs (quivered)
 r - 10 poisoned darts
Armour
 b - a +0 buckler (worn)
Magical Staves
 o - a staff of cold
Jewellery
 a - a +6 ring of intelligence (left tentacle)
 g - a ring of positive energy (right tentacle)
Wands
 c - a wand of flame (16)
 s - a wand of iceblast (8)
Scrolls
 e - a scroll of amnesia
 j - 3 scrolls of enchant armour {unknown}
 n - a scroll of acquirement {unknown}
Potions
 i - a potion of haste
 l - a potion of might {unknown}
 m - a potion of flight
 p - a potion of resistance {unknown}
 t - 2 potions of curing


   Skills:
 - Level 4.2 Fighting
 - Level 4.2 Dodging
 - Level 2.4 Stealth
 - Level 4.0 Shields
 - Level 4.7 Unarmed Combat
 + Level 1.7 Spellcasting
 + Level 5.9 Conjurations
 + Level 1.3 Earth Magic
 + Level 1.4 Evocations


You had 2 spell levels left.
You knew the following spells:

 Your Spells              Type           Power      Damage    Failure   Level
a - Searing Ray           Conj           78%        3d6       3%          2
b - Iron Shot             Conj/Erth      12%        9d3       99%         6

Your spell library contained the following spells:

 Spells                   Type           Power      Damage    Failure   Level
 Magic Dart               Conj           100%       1d8       2%          1
 Iskenderun's Battlesphe  Conj           39%        2d9       38%         5
 Fulminant Prism          Conj/Hex       10%        3d9       45%         4
 Spellforged Servitor     Conj/Summ      10%        N/A       100%        7


Dungeon Overview and Level Annotations

Branches:
Dungeon (7/15)             Temple (1/1) D:6

Altars:
Cheibriados
Dithmenos
Elyvilon
Fedhas
Gozag
Hepliaklqana
Kikubaaqudgha
Makhleb
Nemelex Xobeh
Okawaru
Qazlal
Sif Muna
Uskayaw
Vehumet
Wu Jian
Xom
Yredelemnul
Zin
The Shining One

Annotations:
D:3 exclusion: iguana
D:4 3 runed translucent doors, MajorAdolf's ghost, amateur NaWn
D:5 Pikel
D:6 3 runed translucent doors, Dowan; Duvessa; Garym's ghost, novice MiFi


Innate Abilities, Weirdness & Mutations

You cannot wear most types of armour.
You are amphibious.
You can wear up to eight rings at the same time.
Your skin changes colour to match your surroundings (Stealth+).
Your rubbery body absorbs attacks. (AC +1, EV +1)
((You are camouflaged near water. (Stealth+)))
You have tentacles for arms and can constrict up to eight enemies at once.
You have a pair of small antennae on your head.
You are agile. (Dex +2)
Your mind is acute. (Int +2)
Your flesh is cold resistant. (rC+)
Your system is resistant to poisons. (rPois)
Your spells are a little harder to cast, but a little more powerful.


Message History

The killer bee moves out of view. x2
You see here 14 gold pieces. 2 killer bees come into view.
Found 21 gold pieces.
The killer bee buzzes angrily. x3
A killer bee comes into view.
The killer bee moves out of view.
You see here 14 gold pieces.
There is an open door here.
You closely miss the killer bee. You grab the killer bee.
You constrict the killer bee, but do no damage.
You block the killer bee's attack. The killer bee stings you.
You tentacle-slap the killer bee.
The killer bee is lightly wounded.
You constrict the killer bee. The killer bee stings you.
The killer bee closely misses you.
You tentacle-slap the killer bee but do no damage.
The killer bee is moderately wounded.
You constrict the killer bee. The killer bee closely misses you.
The killer bee stings you!
As you read the scroll labelled SUSOITW AFEI, it crumbles to dust.
It is a scroll of amnesia.
Really abort (and waste the scroll)? [Y]es or [N]o only, please.
Really abort (and waste the scroll)?
Okay, then.
You constrict the killer bee. You block the killer bee's attack.
The killer bee completely misses you. The killer bee barely misses you.
The killer bee stings you but does no damage.
Okay, then.
As you read the scroll labelled IDIMEY JYIFUREEGG, it crumbles to dust.
The scroll dissolves into smoke.
It was a scroll of fog.
You constrict the killer bee. The killer bee stings you.
* * * LOW HITPOINT WARNING * * *
The killer bee misses you. The killer bee stings you!
* * * LOW HITPOINT WARNING * * *
You block the killer bee's attack. The killer bee stings you!
You die...
Xom guffaws!
Your body crumbles into a pile of gold. ### #### .... #... yy..........

#... ...$... .... #... .......
....#######+###...
.......#####...........##'
..y....#§.§#...........#..
.......+§§§+...........#..
..........##@##...........###
#...........yyy§...........#..
#.......>..§§.§§...........'..
#..........................#..
#...............############..
#..........######.>.......##..
#..........# ......... #..
#..........+ ........ #..
#..........# ........ #..


You could see 3 killer bees.

Levels and vault maps discovered:
D:1:      lemuel_arrival_funnel, layout_loops_corners,
          shapermc_ecumenical_altar_mp_urbaneastern
D:2:      layout_basic
D:3:      layout_loops_corners, mainiacjoe_overflow_surrounded_room
D:4:      layout_rooms, mainiacjoe_overflow_small_starburst,
          gammafunk_ghost_necromancy
D:5:      layout_basic, mainiacjoe_overflow_24_doors, abandoned_shop, uniq_pikel
D:6:      lemuel_slime, layout_cave_pools, nicolae_wu_jian_immortal_techniques,
          temple_hall, gammafunk_ghost_nasty_kobolds, uniq_duvessa
D:7:      layout_gridville, fedhas_altar_4, uniq_menkaure
Temple:   nicolae_temple_great_sept

Notes
Turn   | Place    | Note
-------+----------+-------------------------------------------
     0 | D:1      | ABBCCCDDDD the Octopode Chaos Knight began the quest for
                  | the Orb.
     0 | D:1      | Reached XP level 1. HP: 16/16 MP: 1/1
   282 | D:1      | Reached XP level 2. HP: 21/21 MP: 2/2
   517 | D:1      | Found a faded altar of an unknown god.
   888 | D:1      | XOM is BORED!
   961 | D:1      | Reached XP level 3. HP: 26/26 MP: 3/3
  1353 | D:2      | XOM: give mutations
  1353 | D:2      | Gained mutation: Your body sometimes deteriorates upon
                  | taking damage. [Xom's mischief]
  1353 | D:2      | Lost mutation: Your body sometimes deteriorates upon taking
                  | damage. [Xom's mischief]
  1353 | D:2      | Gained mutation: You sometimes lose the ability to read
                  | scrolls when taking damage. [Xom's mischief]
  1353 | D:2      | Gained mutation: Your body sometimes deteriorates upon
                  | taking damage. [Xom's mischief]
  1617 | D:2      | Reached XP level 4. HP: 32/32 MP: 4/4
  1704 | D:2      | XOM: 4-stop teleportation journey
  1955 | D:2      | XOM: god gift: scroll labelled UTABAE TUUCLUO {god gift}
  2254 | D:3      | XOM: stat loss: -1 Str (10/11)
  2436 | D:3      | Found a hide-covered altar of Uskayaw.
  3182 | D:3      | XOM: summons 2 hostile shadow creatures
  3340 | D:4      | Found a radiant altar of Vehumet.
  3464 | D:4      | XOM: silly message
  3551 | D:4      | Found a runed translucent gate.
  3551 | D:4      | Found a runed translucent gate.
  3554 | D:4      | Found a runed translucent gate.
  3832 | D:4      | Noticed MajorAdolf's ghost (amateur NaWn)
  3860 | D:5      | Entered Level 5 of the Dungeon
  3896 | D:5      | Reached XP level 5. HP: 37/37 MP: 5/5
  4106 | D:5      | XOM: silly message
  4130 | D:5      | Noticed Pikel
  4151 | D:4      | Noticed an ogre
  4199 | D:5      | XOM: divination: detect creatures
  4269 | D:5      | Found a sparkling altar of Nemelex Xobeh.
  4505 | D:5      | Reached skill level 1 in Stealth
  4823 | D:5      | Reached XP level 6. HP: 24/43 MP: 6/6
  5132 | D:6      | Noticed a black bear
  5133 | D:6      | XOM: divination: magic mapping
  5137 | D:6      | XOM: cast spell 'Chain of Chaos'
  5329 | D:6      | Learned a level 2 spell: Searing Ray
  5391 | D:6      | Found a staircase to the Ecumenical Temple.
  5400 | Temple   | Entered the Ecumenical Temple
  5446 | Temple   | Fell from the grace of Xom
  5446 | Temple   | Became a worshipper of Gozag Ym Sagoz the Greedy
  5531 | D:6      | Reached skill level 1 in Spellcasting
  5531 | D:6      | Reached skill level 1 in Conjurations
  5565 | D:6      | Noticed Duvessa
  5575 | D:6      | Noticed Dowan
  5663 | D:6      | XOM: give mutation
  5663 | D:6      | Gained mutation: You are clumsy. (Dex -2) [Xom's mischief]
  5874 | D:6      | Reached skill level 2 in Conjurations
  6207 | D:6      | Reached XP level 7. HP: 39/48 MP: 8/8
  6211 | D:6      | Reached skill level 3 in Conjurations
  6542 | D:6      | Found a runed translucent gate.
  6629 | D:6      | Found a runed translucent gate.
  6631 | D:6      | Found a runed translucent gate.
  6632 | D:6      | Noticed a kobold demonologist
  6781 | D:6      | Reached skill level 1 in Shields
  6892 | D:6      | XOM: summons 6 hostile demons
  6893 | D:6      | Noticed an orange demon
  6893 | D:6      | Noticed a chaos spawn
  7240 | D:7      | Found a blossoming altar of Fedhas.
  7543 | D:6      | Noticed Garym's ghost (novice MiFi)
  7668 | D:7      | Reached skill level 4 in Conjurations
  7913 | D:7      | XOM: give mutations
  7913 | D:7      | Lost mutation: You are clumsy. (Dex -2) [Xom's mischief]
  7913 | D:7      | Gained mutation: Your mind is acute. (Int +2) [Xom's
                  | mischief]
  8007 | D:7      | Noticed a cyclops
  8131 | D:6      | Reached XP level 8. HP: 49/54 MP: 4/9
  8393 | D:6      | Noticed a slime creature
  8425 | D:6      | Reached skill level 5 in Conjurations
  8589 | D:6      | Found an ornate altar of the Wu Jian Council.
  8908 | D:7      | Learned a level 6 spell: Iron Shot
  8952 | D:7      | Lost mutation: You sometimes lose the ability to read
                  | scrolls when taking damage. [potion of mutation]
  8952 | D:7      | Lost mutation: Your body sometimes deteriorates upon taking
                  | damage. [potion of mutation]
  8952 | D:7      | Lost mutation: Your mind is acute. (Int +2) [potion of
                  | mutation]
  8952 | D:7      | Gained mutation: Your flesh is cold resistant. (rC+)
                  | [potion of mutation]
  8952 | D:7      | Gained mutation: Your spells are a little harder to cast,
                  | but a little more powerful. [potion of mutation]
  8961 | D:7      | XOM: give mutations
  8961 | D:7      | Gained mutation: You have a pair of small antennae on your
                  | head. [Xom's grace]
  8961 | D:7      | Gained mutation: Your system is resistant to poisons.
                  | (rPois) [Xom's grace]
  8961 | D:7      | Gained mutation: You are agile. (Dex +2) [Xom's grace]
  8961 | D:7      | Gained mutation: Your mind is acute. (Int +2) [Xom's grace]
  9131 | D:7      | Reached skill level 1 in Earth Magic
  9140 | D:7      | Reached skill level 1 in Evocations
  9150 | D:7      | Slain by a killer bee

Table legend: (Time is in decaauts)
 A = Elapsed time spent in this place.
 B = Non-inter-level travel time spent in this place.
 C = Inter-level travel time spent in this place.
 D = Time resting spent in this place.
 E = Time spent auto-exploring this place.
 F = Levels seen in this place.
 G = Mean time per level.
                   A        B        C        D        E       F      G
               +--------+--------+--------+--------+--------+-----+--------+
         Total |   9140 |   8600 |    540 |   2801 |   4065 |   8 | 1142.5 |
       Dungeon |   9084 |   8553 |    531 |   2801 |   4060 |   7 | 1297.7 |
        Temple |     56 |     47 |      9 |      0 |      5 |   1 |   56.0 |
               +--------+--------+--------+--------+--------+-----+--------+

Top non-repeatable levels by time:
     D:6: 1816 daAuts
     D:5: 1788 daAuts
     D:7: 1617 daAuts
     D:1: 1254 daAuts
     D:3: 1063 daAuts
     D:2: 980 daAuts
     D:4: 563 daAuts
  Temple: 56 daAuts

Table legend:
 A = Kills in this place as a percentage of kills in entire the game.
 B = Kills by you in this place as a percentage of kills by you in the entire game.
 C = Kills by friends in this place as a percentage of kills by friends in the entire game.
 D = Other kills in this place as a percentage of other kills in the entire game.
 E = Experience gained in this place as a percentage of experience gained in the entire game.
 F = Experience gained in this place divided by the number of levels of this place that you have seen.
                   A       B       C       D       E      F
               +-------+-------+-------+-------+-------+----------------------
         Total | 100.0 | 100.0 |   N/A |   N/A | 100.0 | 245.6
       Dungeon | 100.0 | 100.0 |   N/A |   N/A | 100.0 | 280.7
               +-------+-------+-------+-------+-------+----------------------

Action                   |  1- 3 |  4- 6 |  7- 9 || total
-------------------------+-------+-------+-------++-------
Melee: Unarmed           |    97 |   138 |    72 ||   307
       Constrict         |    23 |    37 |    12 ||    72
       Tentacles         |    19 |    23 |    14 ||    56
       Punch             |     1 |     2 |     2 ||     5
Throw: Boomerang         |       |     1 |    13 ||    14
       Throwing net      |       |     1 |       ||     1
 Cast: Searing Ray       |       |       |    14 ||    14
  Use: Potion            |     1 |     2 |     2 ||     5
       Scroll            |       |     6 |     4 ||    10
 Stab: Sleeping          |     4 |     3 |       ||     7
       Held in net/web   |       |     1 |       ||     1
Armor: Skin              |     9 |     6 |    10 ||    25
Dodge: Dodged            |    60 |    87 |    48 ||   195
Block: Buckler           |       |       |    10 ||    10

Vanquished Creatures
  A water moccasin (D:7)
  A black bear (D:6)
  A sky beast (D:7)
  A necrophage (D:7)
  A centaur (D:6)
  A kobold brigand (D:6)
  3 scorpions
  3 howler monkeys (D:7)
  A bullfrog zombie (D:6)
  2 jellies (D:6)
  An orc priest (D:6)
  2 centaur skeletons (D:7)
  A gnoll shaman (D:7)
  2 iguanas
  An orc wizard (D:6)
  A killer bee zombie (D:7)
  A hound skeleton (D:5)
  2 howler monkey skeletons
  3 gnolls
  8 adders
  2 white imps (D:6)
  3 ufetubi
  A worm (D:2)
  A dart slug (D:4)
  13 orcs
  9 endoplasms
  8 giant cockroaches
  6 goblins
  2 hobgoblins (D:2)
  4 jackals (D:1)
  5 quokkas
  7 ball pythons
  7 bats
  2 frilled lizards
  6 kobolds
  3 rats
116 creatures vanquished.

Vanquished Creatures (others)
  12 fungi
  4 plants
16 creatures vanquished.

Grand Total: 132 creatures vanquished
